 Dungeon Crawl Stone Soup version 0.30-a0-722-g3e6e8c874d (webtiles) character file.

Game seed: 16605912547957761455

168 ASSMAN the Ruffian (level 5, -3/40 HPs)
             Began as a Draconian Transmuter on Jan 28, 2023.
             Slain by a lemure (7 damage)
             ... led by Pikel
             ... on level 5 of the Dungeon.
             The game lasted 00:03:30 (2296 turns).

ASSMAN the Ruffian (Draconian Transmuter)           Turns: 2296, Time: 00:03:31

Health: -3/40      AC:  5    Str: 13    XL:     5   Next: 23%
Magic:  2/8        EV:  9    Int: 15    God:
Gold:   98         SH:  0    Dex: 11    Spells: 5/8 levels left

rFire   . . .      SeeInvis .      - Unarmed
rCold   . . .      Faith    .    (no shield)
rNeg    . . .      Spirit   .    (body armour unavailable)
rPois   .          Reflect  .    (helmet currently unavailable)
rElec   .          Harm     .    (no cloak)
rCorr   .          Rampage  .    (no gloves)
Will    .....                    (boots currently unavailable)
Stlth   +                        (no amulet)
HPRegen 0.26/turn                (no ring)
MPRegen 0.11/turn                (no ring)

@: appendages, grasped by roots, very slightly contaminated, constricted
A: horns 2, talons 2, AC +5, unfitting armour, cold-blooded
a: End Transformation


You were on level 5 of the Dungeon.
You had temporarily grown beastly horns and talons.
You visited 1 branch of the dungeon, and saw 6 of its levels.

You collected 98 gold pieces.

Inventory:

Jewellery
 m - a +6 ring of intelligence
 o - an amulet of magic regeneration
Wands
 k - a wand of flame (8)
Scrolls
 b - 4 scrolls of identify {unknown}
 c - a scroll of enchant armour {unknown}
 f - a scroll of vulnerability {unknown}
 g - 2 scrolls of teleportation {unknown}
 j - a scroll of enchant weapon {unknown}
 l - a scroll of fear {unknown}
 n - a scroll of magic mapping {unknown}
 p - a scroll of immolation {unknown}
 q - a scroll of amnesia {unknown}
 s - a scroll of poison {unknown}
Potions
 a - 2 potions of lignification
 d - 3 potions of curing {unknown}
 e - a potion of berserk rage {unknown}
 h - a potion of might {unknown}
 i - a potion of degeneration {unknown}
 r - a potion of haste {unknown}
 t - a potion of mutation {unknown}


   Skills:
 - Level 1.1 Fighting
 - Level 1.7 Dodging
 + Level 6.0 Unarmed Combat
 - Level 2.0 Spellcasting
 - Level 2.0 Transmutations


You had 5 spell levels left.
You knew the following spells:

 Your Spells              Type           Power      Damage    Failure   Level
a - Beastly Appendage     Tmut           14%        N/A       10%         1
b - Wereblood             Tmut           7%         N/A       14%         2

Your spell library contained the following spells:

 Spells                   Type           Power      Damage    Failure   Level
 Magic Dart               Conj           4%         1d3       22%         1
 Call Imp                 Summ           1%         N/A       32%         2
 Spider Form              Tmut/Pois      4%         N/A       41%         3
 Mephitic Cloud           Conj/Pois/Air  1%         N/A       54%         3
 Ice Form                 Ice/Tmut       4%         N/A       82%         4
 Blade Hands              Tmut           3%         N/A       95%         5
 Iron Shot                Conj/Erth      0%         9d1       100%        6
 Animate Armour           Summ/Erth      Unusable   N/A       N/A         4

Dungeon Overview and Level Annotations

Branches:
Dungeon (6/15)
 Temple: D:4-7

Altars:
Xom

Shops:
D:1 ((

Annotations:
D:5 Pikel
D:6 1 transporter


Innate Abilities, Weirdness & Mutations

You have temporarily grown beastly horns and talons.
Your plain brown scales are hard. (AC +5)
You cannot fit into any form of body armour.
You are cold-blooded and may be slowed by cold attacks.


Message History

The lemure shouts!
An adder comes into view.
Pikel and a lemure come into view.
Pikel is wielding a +1 whip of flaming and carrying a wand of roots (7).
Your horns disappear.
Your talons disappear.
Pikel shouts!
The lemure shouts!
The adder hisses angrily.
Pikel moves out of view.
The lemure hits you.
Your magical contamination has completely faded away.
Your primal bloodlust is almost over.
The lemure attacks as you move away! The lemure hits you.
Casting: Wereblood (safe; 14% risk of failure)
Confirm with . or Enter, or press ? or * to list all spells.
You miscast Beastly Appendage.
You are very lightly contaminated with residual magic.
Nothing appears to happen.
The lemure hits you.
Casting: Beastly Appendage (safe; 10% risk of failure)
Confirm with . or Enter, or press ? or * to list all spells.
You grow a pair of large bovine horns.
Your feet morph into talons.
The lemure barely misses you.
You closely miss the lemure. Your kick misses the lemure.
The lemure misses you.
You closely miss the lemure. Your kick misses the lemure.
You headbutt the lemure, but do no damage.
You tail-slap the lemure, but do no damage.
Your primal bloodlust has ended.
The lemure closely misses you.
You barely miss the lemure. You headbutt the lemure.
The lemure is lightly wounded.
The lemure hits you.
You hit the lemure but do no damage.
You tail-slap the lemure, but do no damage.
The lemure is lightly wounded.
Pikel zaps a wand.
The roots erupt in riotous growth!
The lemure is unaffected.
The adder is unaffected.
The grasping roots grab you!
Pikel is unaffected.
The grasping roots constrict you!
* * * LOW HITPOINT WARNING * * *
The lemure hits you!
You die...

...............(#
.#
#.#....#(#####.#
# #....#.# #.#
..#...)#.## #.#
#..........## #.#
#.......#...# #.#
##......#.#.# #.#
#....).#.#.# #.#
#..........###@#
#......#....##5#
.......#.....SK#
#......#.###..5##
... #. #....# #.
#.#..# #.
#.......
....#...#
.........#


You could see Pikel, 2 lemures and an adder.

Vanquished Creatures
  A lemure (D:5)
  An orc priest (D:3)
  An iguana (D:6)
  4 gnolls (D:4)
  2 adders
  2 dart slugs
  8 orcs
  3 ball pythons (D:3)
  A bat (D:2)
  2 endoplasms (D:1)
  A giant cockroach (D:2)
  4 goblins
  3 hobgoblins
  4 jackals (D:1)
  A kobold (D:3)
  7 rats
45 creatures vanquished.

Notes
Turn   | Place    | Note
-------+----------+-------------------------------------------
     0 | D:1      | ASSMAN the Draconian Transmuter began the quest for the
                  | Orb.
     0 | D:1      | Reached XP level 1. HP: 16/16 MP: 3/3
    29 | D:1      | Found Iretett's Antique Weapon Boutique.
    29 | D:1      | Found Rireal's Weapon Emporium.
   273 | D:1      | Reached XP level 2. HP: 22/23 MP: 3/5
   438 | D:1      | Found a faded altar of an unknown god.
   638 | D:2      | Learned a level 2 spell: Wereblood
   698 | D:2      | Found a shimmering altar of Xom.
   764 | D:2      | Reached skill level 4 in Unarmed Combat
  1117 | D:2      | Reached XP level 3. HP: 28/28 MP: 4/6
  1802 | D:3      | Reached skill level 5 in Unarmed Combat
  1802 | D:3      | Reached XP level 4. HP: 35/35 MP: 7/7
  1989 | D:4      | Reached XP level 5. HP: 15/40 MP: 4/8
  2140 | D:4      | You fall into a shaft and drop 2 floors!
  2149 | D:6      | Found a transporter.
  2160 | D:6      | Reached skill level 6 in Unarmed Combat
  2161 | D:5      | Entered Level 5 of the Dungeon
  2264 | D:5      | Noticed a lemure
  2279 | D:5      | Killed a lemure
  2283 | D:5      | Noticed a lemure
  2284 | D:5      | Noticed a lemure
  2285 | D:5      | Noticed Pikel
  2285 | D:5      | Noticed a lemure
  2296 | D:5      | Slain by a lemure

Illustrated notes

Levels and vault maps discovered:
D:1:      saegor_arrival_miasma, layout_rooms,
          shapermc_ecumenical_altar_notcrosses, serial_shops, shop, shop,
          skrybe_limestone_x
D:2:      layout_basic, basic_altar
D:3:      layout_basic, nicolae_concentric_dashed_squares_wild
D:4:      layout_loops_ring, minmay_temple_entry_ruins,
          minmay_stone_trees_small, minmay_manual_mares
D:5:      layout_basic, minivault_24, uniq_ijyb, uniq_edmund, uniq_pikel
D:6:      gammafunk_wand_slinger, layout_basic, nemelex_spade_bored_becter,
          kennysheep_mini, uniq_duvessa, uniq_sigmund, uniq_prince_ribbit1

Skill      XL: |  1  2  3  4  5 |
---------------+----------------+-----
Unarmed Combat | 4 5 6 |  6.0
Fighting       | |  1.1
Dodging        | |  1.7
Spellcasting   | |  2.0
Transmutations | |  2.0

Action                     |  1- 3 |  4- 6 || total
---------------------------+-------+-------++-------
  Melee: Unarmed           |    83 |    44 ||   127
         Kick              |    22 |    10 ||    32
         Tailslap          |    10 |     8 ||    18
         Headbutt          |     3 |     9 ||    12
         Punch             |     2 |     1 ||     3
   Cast: Beastly Appendage |    18 |     9 ||    27
         Wereblood         |       |     2 ||     2
 Armour: Skin              |    35 |     9 ||    44
  Dodge: Dodged            |    62 |    18 ||    80

Table legend: (Time is in decaauts)
 A = Elapsed time spent in this place.
 B = Non-inter-level travel time spent in this place.
 C = Inter-level travel time spent in this place.
 D = Time resting spent in this place.
 E = Time spent auto-exploring this place.
 F = Levels seen in this place.
 G = Mean time per level.
                   A        B        C        D        E       F      G
               +--------+--------+--------+--------+--------+-----+--------+
         Total |   2287 |   2217 |     70 |     91 |   1784 |   6 |  381.2 |
       Dungeon |   2287 |   2217 |     70 |     91 |   1784 |   6 |  381.2 |
               +--------+--------+--------+--------+--------+-----+--------+

Top non-repeatable levels by time:
     D:2: 889 daAuts
     D:1: 547 daAuts
     D:3: 521 daAuts
     D:4: 175 daAuts
     D:5: 133 daAuts
     D:6: 20 daAuts
